AoeStats
← mathdevils

Oasis

507865932Analyzed
3v3 RM · 12d ago on Sep 20, 2026· 27m 20s· 6 players
Game mode
Random Map
Map size
Normal (6 player)
Population
200
Speed
Normal
Resources
Standard
Victory
Conquest
Starting age
Dark Age
Ending age
Imperial Age
RankedLock teamsTeams togetherTeam positionsShared explorationLock speedFull tech treeHidden civsTurbo modeCheats
Victory
Defeat
🇨🇱 Maya · Chile
963
+10
🇲🇽 Teutons · Mexico
944
+11
🇨🇱 Magyars · Chile
600
+24
🇨🇦 Saracens · Canada
840
-16
🇨🇦 Franks · Canada
821
-15
🇨🇦 Burgundians · Canada
789
-14
mouche Qc
12:14 Feudal Age
15:03 Man-at-Arms
22:15 Castle Age
23:16 Pikeman
mathdevils
11:29 Feudal Age
26:25 Town Watch
Sory Krank
16:39 Feudal Age
15:00 Double-Bit Axe
albert130893
0:49 Loom
10:40 Feudal Age
11:12 Double-Bit Axe
21:00 Fletching
22:45 Padded Archer Armor
27:00 Castle Age
26:02 Gold Mining
26:51 Wheelbarrow
26:02 Town Watch
26:39 Horse Collar
26:56 Stone Mining
27:05 Crossbowman
eljeringas
1:04 Loom
10:50 Feudal Age
9:06 Loom
12:45 Double-Bit Axe
17:55 Castle Age
19:08 Bloodlines
18:43 Horse Collar
22:53 Heavy Plow
23:41 Scale Barding Armor
26:35 Chain Barding Armor
26:38 Fletching
27:26 Bow Saw
27:29 Town Watch
floresmonserratpaz
5:34 Loom
14:30 Feudal Age
17:24 Double-Bit Axe
23:38 Castle Age
Connection lost

Rejoining the realm…

Still unreachable

The connection could not be restored.

Session expired

The server has moved on; the page needs a fresh start.